 Dungeon Crawl Stone Soup version 0.19-a0-1049-g462a813 (webtiles) character file.

277210 hairmachine the Warrior (level 20, -2/139 HPs)
             Began as a Gargoyle Fighter on July 31, 2016.
             Was the Champion of Makhleb.
             Killed from afar by a fire giant (29 damage)
             ... with a bolt of fire
             ... on level 2 of the Depths.
             The game lasted 02:37:08 (37661 turns).

hairmachine the Warrior (Gargoyle Fighter)         Turns: 37661, Time: 02:37:09

Health: -2/139     AC: 38    Str: 22    XL:     20   Next: 39%
Magic:  31/31      EV:  8    Int: 17    God:    Makhleb [******]
Gold:   1417       SH: 15    Dex: 11    Spells: 0 memorised, 19 levels left

rFire  . . .     SeeInvis +     Y - +10 morningstar of Eto Olun {crush, +Fly rPois Int+5 Dex-2}
rCold  + . .     Gourm    .     m - +1 plate armour {rC+}
rNeg   + + .     Faith    .     X - +1 shield {reflect}
rPois  ∞         Spirit   .     U - +2 helmet
rElec  +         Dismiss  .     Q - +1 cloak
rCorr  +         Reflect  +     l - +1 pair of gloves of Goodbye, My Love {rPois rN+ SInv Stlth-}
SustAt .         Harm     .     L - +1 pair of boots {run}
MR     ++...                    q - amulet of regeneration
Stlth  ..........               g - ring of protection from magic
                                W - ring of resist corrosion

@: corroded, flying, quick, very resistant to hostile enchantments, extremely
unstealthy
A: big wings, negative energy resistance 1, electricity resistance, unbreathing,
petrification resistance, rot immunity, AC +15
a: Stop Flying, Minor Destruction, Lesser Servant of Makhleb, Major Destruction,
Greater Servant of Makhleb, Renounce Religion
}: 2/15 runes: decaying, serpentine


You were on level 2 of the Depths.
You worshipped Makhleb.
Makhleb was exalted by your worship.
You were near starving.

You visited 7 branches of the dungeon, and saw 34 of its levels.
You also visited: Ice Cave.

You collected 2923 gold pieces.
You spent 1506 gold pieces at shops.

Inventory:

Hand Weapons
 Y - the +10 morningstar of Eto Olun (weapon) {crush, +Fly rPois Int+5 Dex-2}
   (You found it on level 6 of the Lair of Beasts)

   It inflicts extra damage upon your enemies.
   It affects your intelligence (+5).
   It affects your dexterity (-2).
   It protects you from poison.
   It lets you fly.
Missiles
 y - 10 throwing nets (quivered)
Armour
 l - the +1 pair of gloves of Goodbye, My Love (worn) {rPois rN+ SInv Stlth-}
   (You acquired it on level 12 of the Dungeon)

   It protects you from poison.
   It protects you from negative energy.
   It lets you see invisible.
   It makes you less stealthy.
 m - a +1 plate armour of cold resistance (worn)
 w - a shadow dragon hide
 B - a +3 chain mail of fire resistance
 G - a fire dragon hide
 L - a +1 pair of boots of running (worn)
 Q - a +1 cloak (worn)
 U - a +2 helmet (worn)
 X - a +1 shield of reflection (worn)
Jewellery
 g - a ring of protection from magic (right hand)
 q - an amulet of regeneration (around neck)
 A - an uncursed ring of ice
 N - an uncursed amulet of rage {unknown}
 W - a ring of resist corrosion (left hand)
Wands
 d - a wand of disintegration (19/24)
 j - a wand of hasting (8/9)
 M - a wand of digging (13/24)
Scrolls
 a - 8 scrolls of blinking
 c - a scroll of magic mapping
 i - 3 scrolls of enchant armour
 n - 8 scrolls of remove curse
 o - 6 scrolls of teleportation
 s - 2 scrolls of holy word
 u - 5 scrolls of fog
 E - 4 scrolls of enchant weapon
 H - a scroll of brand weapon
 K - a scroll of identify
 P - 6 scrolls of recharging
 T - 3 scrolls of summoning
Potions
 b - a potion of berserk rage
 e - 3 potions of ambrosia
 k - a potion of cure mutation
 p - a potion of magic
 t - 4 potions of curing
 v - 4 potions of agility
 z - 6 potions of lignification
 C - a potion of resistance
 I - a potion of cancellation
 J - a potion of invisibility
 O - 2 potions of heal wounds
 V - a potion of might
 Z - 3 potions of haste
Miscellaneous
 x - a fan of gales
Comestibles
 f - 16 bread rations
 h - 8 beef jerkies
 r - 31 fruits
 D - 11 meat rations
 R - a slice of pizza


   Skills:
 + Level 19.0 Fighting
 + Level 16.1 Maces & Flails
 - Level 3.0 Throwing
 + Level 18.6 Armour
 - Level 15.1 Shields
 + Level 15.5 Invocations


You had 19 spell levels left.
You didn't know any spells.

Dungeon Overview and Level Annotations

Branches:
Dungeon (15/15)            Temple (1/1) D:4            Lair (6/6) D:9
  Swamp (4/4) Lair:4        Snake (4/4) Lair:4        Slime (0/5) Lair:5
    Orc (2/2) D:10            Elf (0/3) Orc:2        Vaults (0/5) D:14
 Depths (2/5) D:15

Altars:
Ashenzari
Cheibriados
Dithmenos
Elyvilon
Fedhas
Gozag
Hepliaklqana
Kikubaaqudgha
Makhleb
Nemelex Xobeh
Okawaru
Pakellas
Qazlal
Ru
Sif Muna
Trog
Uskayaw
Vehumet
Xom
Yredelemnul
Zin
The Shining One
Jiyva

Shops:
D:4 :   Orc:2 *[}:   Snake:2 ?   Depths:1 %

Portals:
Hell: Depths:1
Trove: D:12 (give +3 gold dragon armour)

Annotations:
D:5 mrath's ghost, novice GrEE
Lair:5 1 runed door


Innate Abilities, Weirdness & Mutations

You are resistant to torment.
Your stone body is resilient. (AC +15)
You are immune to poison.
Your large and strong wings let you fly indefinitely.
You resist negative energy. (rN+)
You are resistant to electric shocks. (rElec)
You can survive without breathing.
You are immune to petrification.
You are immune to rotting.


Message History

* * * LOW HITPOINT WARNING * * *
You block the emperor scorpion's attack.
The rust devil hits you.
You are near starving!
The fire giant shouts!
You puncture the greater mummy!
The greater mummy is almost destroyed.
The fire giant casts a spell at you.
The fireball explodes!
The fireball engulfs the greater mummy.
The greater mummy is destroyed!
A malignant aura surrounds the fire giant.
The fire giant convulses!
The rust devil disappears in a puff of smoke!
The emperor scorpion disappears in a puff of smoke! x3
The fireball engulfs you!
* * * LOW HITPOINT WARNING * * *
The fireball engulfs the fire giant.
The fire giant resists.
The fire giant gestures at you while chanting.
The bolt of fire hits you!
You die...

#..........#.#.
#..............
######..........#.#.
#...................
#...#...........#.#.
#.#.#.####..........
#.#'#.# #......#.#.
###.### #..(.......
###@### #......#.#.
#.#.#.# #######....
#.#§#.# #.#. #.'C'.#
.... ###.### #.#.
#.# .... #.# .#.
######'###### ..
#.#.......#.# .


You could see a fire giant.

Vanquished Creatures
  Saint Roka (Orc:2)
  The ghost of Jano the Lord of Darkness, an adept DsNe of Kikubaaqudgha (Depths:2)
  An Ice Fiend (IceCv)
  Asterion (Snake:2)
  A sphinx (Depths:1)
  Agnes (Snake:4)
  The ghost of Gagarin the Fencer, an adept MiBe of Trog (Snake:3)
  Roxanne (Snake:2)
  2 thorn hunters
  12 greater nagas
  Donald (Orc:2)
  A frost giant (Depths:1)
  4 fire giants (Depths:1)
  Aizul (Snake:1)
  The ghost of seren the Brawler, a journeyman DrTm of Makhleb (Snake:1)
  5 very ugly things (Depths:1)
  4 stone giants
  2 ettins
  3 fire dragons (Depths:1)
  Snorg (Orc:1)
  Josephine (D:15)
  8 vault guards (D:14)
  Harold (Orc:1)
  20 hydras
  13 naga warriors
  3 catoblepae
  3 ice dragons
  2 rakshasas
  4 centaur warriors
  3 ogre magi
  4 deep troll shamans
  4 alligators
  9 anacondas
  2 deep troll earth magi (Depths:1)
  A tengu warrior (Depths:1)
  2 orc high priests (Orc:2)
  9 shock serpents
  18 naga sharpshooters
  A spriggan berserker (Depths:2)
  Nergalle (Lair:3)
  Sonja (D:15)
  3 iron trolls (Depths:1)
  5 spriggans
  2 salamander mystics
  9 deep trolls (Depths:1)
  14 swamp dragons
  4 sea snakes (Snake:2)
  5 spriggan druids
  5 naga ritualists
  A giant orange brain (Depths:1)
  3 lindwurms
  3 hill giants
  2 tengu zombies (Depths:2)
  5 shambling mangroves
  An orc knight (D:15)
  Pikel (D:7)
  A sphinx zombie (Depths:2)
  A necromancer (D:15)
  A wolf spider (Depths:1)
  6 mana vipers
  4 griffons
  37 ugly things
  5 orc sorcerers
  A hornet (Swamp:1)
  A stone giant zombie (Depths:2)
  3 deep elf magi (D:15)
  2 frost giant zombies (Depths:2)
  18 salamanders
  7 slime creatures
  2 manticores
  A moth of wrath (shapeshifter) (D:14)
  35 black mambas
  3 elephants
  A torpor snail (Lair:6)
  5 guardian serpents
  3 ice statues (IceCv)
  Joseph (D:7)
  3 kobold demonologists (D:13)
  43 naga magi
  2 gargoyles (D:13)
  16 spiny frogs
  3 freezing wraiths (Snake:1)
  A yaktaur (D:15)
  8 rime drakes
  12 komodo dragons
  3 anaconda simulacra (IceCv)
  7 ice devils (IceCv)
  3 guardian mummies (Depths:2)
  2 trolls
  4 tengu conjurers
  3 polar bears
  4 boulder beetles
  9 bog bodies
  13 two-headed ogres
  4 giant leeches
  A hornet zombie (D:15)
  39 blink frogs
  A blink frog (shapeshifter) (D:13)
  Prince Ribbit (D:7)
  2 spriggan zombies (Depths:2)
  A harpy skeleton (D:15)
  A centaur simulacrum (D:15)
  A shadow (Swamp:1)
  2 dire elephant simulacra (IceCv)
  A vampire (D:9)
  5 wraiths (D:15)
  11 wyverns
  64 yaks
  21 vampire mosquitoes
  A hog (Depths:1)
  A steam dragon (D:8)
  5 basilisks
  16 hippogriffs
  2 hungry ghosts
  20 swamp worms
  A mottled dragon (D:14)
  2 wargs
  An iron troll simulacrum (IceCv)
  A human zombie (Depths:2)
  41 nagas
  11 insubstantial wisps
  A soldier ant (D:15)
  11 water moccasins
  4 hydra simulacra (IceCv)
  12 porcupines
  A giant eyeball (Depths:1)
  A meliai simulacrum (D:15)
  11 swamp drakes
  4 sky beasts
  2 ice beasts
  26 orc warriors
  5 phantoms
  16 wasps
  A black bear (D:4)
  11 wolves
  19 ogres
  13 centaurs
  12 crocodiles
  A big kobold (D:13)
  15 giant frogs
  Blork the orc (D:4)
  4 scorpions
  26 killer bees
  12 wights
  8 howler monkeys
  An electric eel (Snake:2)
  7 crimson imps
  3 lava snakes (D:12)
  2 giant frog zombies
  2 quasits
  7 hounds
  A jelly (D:9)
  12 centaur skeletons
  3 centaur zombies
  2 giant frog skeletons (D:12)
  16 orc priests
  9 iguanas
  Terence (D:3)
  11 worker ants
  30 orc wizards
  A killer bee zombie (D:5)
  21 sheep
  2 hound zombies
  A hound skeleton (D:7)
  5 mummies (Depths:2)
  Robin (D:3)
  3 worker ant zombies
  10 gnolls
  9 adders
  46 river rats
  6 shadow imps
  An ooze (D:2)
  2 adder skeletons
  8 worms
  2 dart slugs (D:1)
  3 giant geckos
  68 orcs
  5 bats
  8 giant cockroaches
  10 goblins
  8 hobgoblins
  3 quokkas
  A ball python (D:1)
  2 giant newts (D:6)
  5 kobolds
  2 quokka skeletons
  7 rats
  A briar patch (Swamp:4)
1314 creatures vanquished.

Vanquished Creatures (collateral kills)
  A spriggan (Swamp:4)
  A yak (Lair:3)
  A wasp (Swamp:4)
3 creatures vanquished.

Vanquished Creatures (others)
  A greater mummy (Depths:2)
  A thorn hunter (Swamp:3)
  A naga warrior (Snake:3)
  2 naga sharpshooters
  A lindwurm (Swamp:4)
  A naga ritualist (Snake:4)
  A salamander (Snake:1)
  A spiny frog (Lair:6)
  A komodo dragon (Lair:6)
  A spriggan (Swamp:4)
  A swamp drake (Swamp:4)
  3 slaves (D:7)
  A wasp (Swamp:4)
  A vampire bat (Depths:1)
  A giant newt (D:7)
  A briar patch (Swamp:4)
  12 fungi
  5 plants
36 creatures vanquished.

Grand Total: 1353 creatures vanquished

Notes
Turn   | Place    | Note
-------+----------+-------------------------------------------
     0 | D:1      | hairmachine the Gargoyle Fighter began the quest for the Orb.
     0 | D:1      | Reached XP level 1. HP: 14/14 MP: 1/1
   242 | D:1      | Reached XP level 2. HP: 19/19 MP: 2/2
   764 | D:1      | Reached XP level 3. HP: 23/23 MP: 3/3
  1698 | D:2      | Reached XP level 4. HP: 28/28 MP: 4/4
  2160 | D:3      | Noticed Terence
  2176 | D:3      | Killed Terence
  2176 | D:3      | Reached skill level 5 in Maces & Flails
  2176 | D:3      | Reached XP level 5. HP: 18/32 MP: 5/5
  2353 | D:3      | Noticed Robin
  2367 | D:3      | Killed Robin
  2932 | D:3      | Reached XP level 6. HP: 34/37 MP: 6/6
  3539 | D:4      | You fall through a shaft for 2 floors!
  3603 | D:6      | Noticed an orc warrior
  3604 | D:6      | Reached XP level 7. HP: 41/42 MP: 7/7
  3710 | D:6      | Reached skill level 4 in Fighting
  3788 | D:5      | Entered Level 5 of the Dungeon
  3834 | D:5      | Noticed mrath's ghost (novice GrEE)
  3939 | D:4      | Found a staircase to the Ecumenical Temple.
  3949 | Temple   | Entered the Ecumenical Temple
  3965 | Temple   | Became a worshipper of Makhleb the Destroyer
  4015 | D:4      | Found Mewosouf's Book Boutique.
  4263 | D:4      | Noticed Blork the orc
  4277 | D:4      | Killed Blork the orc
  4788 | D:5      | Found a sacrificial altar of Ru.
  4844 | D:5      | Reached skill level 5 in Fighting
  4844 | D:5      | Reached skill level 5 in Armour
  4844 | D:5      | Reached XP level 8. HP: 37/49 MP: 8/8
  5683 | D:5      | Reached * piety under Makhleb
  6268 | D:6      | Reached skill level 6 in Fighting
  6463 | D:6      | Reached XP level 9. HP: 15/56 MP: 9/9
  6667 | D:6      | Found a shattered altar of Ashenzari.
  6910 | D:6      | Reached ** piety under Makhleb
  7238 | D:6      | Reached skill level 7 in Fighting
  7508 | D:7      | Noticed Pikel
  7545 | D:7      | Killed Pikel
  7561 | D:7      | Noticed Joseph
  7582 | D:7      | Killed Joseph
  7679 | D:7      | Reached skill level 8 in Fighting
  7829 | D:7      | Found a white marble altar of Elyvilon.
  7829 | D:7      | Found a snail-covered altar of Cheibriados.
  7829 | D:7      | Found a bloodstained altar of Trog.
  7831 | D:7      | Found a blossoming altar of Fedhas.
  7833 | D:7      | Found a basalt altar of Yredelemnul.
  7833 | D:7      | Found a sacrificial altar of Ru.
  7834 | D:7      | Found a shimmering altar of Xom.
  7854 | D:7      | Noticed Prince Ribbit
  7882 | D:7      | Killed Prince Ribbit
  8308 | D:8      | Reached XP level 10. HP: 44/64 MP: 10/10
  8424 | D:8      | Got a scintillating emerald amulet
  8520 | D:7      | Reached skill level 10 in Maces & Flails
  8816 | D:8      | Reached skill level 1 in Invocations
  9010 | D:8      | Found a glowing golden altar of the Shining One.
  9254 | D:8      | Reached skill level 9 in Fighting
  9344 | D:8      | Identified the amulet "Rawn" {Harm *Drain rN+ Dex-5 SInv} (You found it on level 8 of the Dungeon)
  9785 | D:9      | Reached *** piety under Makhleb
  9829 | D:9      | Noticed a purple ugly thing
  9890 | D:8      | Killed a purple ugly thing
 10132 | D:9      | Found a staircase to the Lair.
 10150 | Lair:1   | Entered Level 1 of the Lair of Beasts
 10350 | Lair:1   | Noticed a spiny frog
 10369 | Lair:1   | Killed a spiny frog
 10421 | Lair:1   | Noticed a black mamba
 10458 | Lair:1   | Killed a black mamba
 10458 | Lair:1   | Reached skill level 10 in Fighting
 10458 | Lair:1   | Reached skill level 10 in Armour
 10468 | Lair:1   | Reached skill level 5 in Invocations
 10468 | Lair:1   | Reached XP level 11. HP: 23/72 MP: 14/14
 11622 | Lair:2   | Reached **** piety under Makhleb
 11714 | Lair:2   | Reached skill level 11 in Fighting
 11887 | Lair:2   | Reached skill level 5 in Shields
 11921 | Lair:2   | Noticed a griffon
 11956 | Lair:2   | Killed a griffon
 11983 | Lair:2   | Got an encrusted leather armour
 12038 | Lair:2   | Identified the +1 leather armour of the Original Sin {Slay+2} (You found it on level 2 of the Lair of Beasts)
 12880 | Lair:1   | Reached XP level 12. HP: 72/80 MP: 16/16
 13050 | Lair:3   | Reached ***** piety under Makhleb
 13200 | Lair:3   | Noticed a four-headed hydra
 13414 | Lair:3   | Killed a four-headed hydra
 13472 | Lair:3   | Noticed Nergalle
 13486 | Lair:3   | Killed Nergalle
 14903 | Lair:4   | Reached skill level 10 in Shields
 15006 | Lair:4   | Found a staircase to the Snake Pit.
 15020 | Lair:4   | Reached XP level 13. HP: 58/84 MP: 17/17
 15347 | Lair:4   | HP: 4/84 [yak (6)]
 15585 | Lair:4   | Reached ****** piety under Makhleb
 15819 | Lair:4   | Found a staircase to the Swamp.
 16272 | Lair:5   | Found a runed door.
 16272 | Lair:5   | Found a viscous altar of Jiyva.
 16273 | Lair:5   | Found a staircase to the Slime Pits.
 16273 | Lair:5   | Noticed an acid blob
 17741 | Lair:6   | Entered Level 6 of the Lair of Beasts
 17785 | Lair:6   | Reached skill level 12 in Fighting
 17894 | Lair:6   | Identified the Collected Works on Supportive Self-Knowledge
 18494 | Lair:6   | Gained mutation: Your large and strong wings let you fly indefinitely. [Gargoyle growth]
 18494 | Lair:6   | Reached XP level 14. HP: 92/92 MP: 18/18
 19034 | Lair:6   | Got a transparent morningstar
 19035 | Lair:6   | Identified the +10 morningstar of Eto Olun {crush, +Fly rPois Int+5 Dex-2} (You found it on level 6 of the Lair of Beasts)
 19084 | Lair:6   | Reached skill level 13 in Fighting
 19763 | D:9      | Found a blossoming altar of Fedhas.
 19837 | D:9      | Found an ancient bone altar of Kikubaaqudgha.
 20235 | D:10     | Entered Level 10 of the Dungeon
 20304 | D:10     | Found a staircase to the Orcish Mines.
 20420 | D:10     | Reached skill level 15 in Maces & Flails
 21548 | D:12     | Found a portal to a secret trove of treasure.
 21994 | D:12     | Identified a scroll of acquirement
 21997 | D:12     | Got a pair of encrusted gloves
 22003 | D:12     | Identified the +1 pair of gloves of Goodbye, My Love {rPois rN+ SInv Stlth-} (You acquired it on level 12 of the Dungeon)
 22878 | D:13     | Identified a +1 pair of boots of running (You found it on level 13 of the Dungeon)
 23204 | D:14     | Found a gate to the Vaults.
 23222 | D:14     | Reached XP level 15. HP: 98/98 MP: 18/20
 23637 | D:14     | Found a glowing silver altar of Zin.
 23637 | D:14     | Noticed an angel
 24167 | D:15     | Entered Level 15 of the Dungeon
 24177 | D:15     | Noticed Sonja
 24199 | D:15     | Killed Sonja
 24391 | D:15     | Noticed Josephine
 24400 | D:15     | Killed Josephine
 24732 | D:15     | Found a staircase to the Depths.
 25064 | Orc:1    | Entered Level 1 of the Orcish Mines
 25492 | Orc:1    | Noticed Harold
 25517 | Orc:1    | Killed Harold
 25619 | Orc:2    | Entered Level 2 of the Orcish Mines
 25628 | Orc:2    | Noticed Saint Roka
 26080 | Orc:2    | Killed Saint Roka
 26080 | Orc:2    | Reached skill level 15 in Shields
 26200 | Orc:2    | Noticed Donald
 26211 | Orc:2    | Killed Donald
 26303 | Orc:2    | Found a staircase to the Elven Halls.
 26399 | Orc:2    | Noticed Snorg
 26429 | Orc:1    | Killed Snorg
 26429 | Orc:1    | Reached XP level 16. HP: 104/104 MP: 23/23
 26458 | Orc:2    | Reached skill level 1 in Throwing
 26682 | Orc:2    | Found Tuqev's Book Emporium.
 26682 | Orc:2    | Found Coit's Gadget Emporium.
 26713 | Orc:2    | Found Butor's General Store.
 26716 | Orc:2    | Found Wysif Qixeym's Antique Armour Shoppe.
 26721 | Orc:2    | Bought a scroll of blinking for 90 gold pieces
 26721 | Orc:2    | Bought a potion of mutation for 30 gold pieces
 26721 | Orc:2    | Bought a scroll of identify for 24 gold pieces
 26721 | Orc:2    | Bought a wand of disintegration (20/24) for 288 gold pieces
 26725 | Orc:2    | Bought a shiny plate armour for 644 gold pieces
 27112 | Swamp:1  | Entered Level 1 of the Swamp
 27806 | Swamp:2  | Reached skill level 14 in Fighting
 28439 | Swamp:3  | Noticed a thorn hunter
 28453 | Swamp:3  | Killed a thorn hunter
 28647 | Swamp:3  | Noticed a thorn hunter
 28656 | Swamp:3  | Killed a thorn hunter
 28785 | Swamp:3  | Reached skill level 15 in Fighting
 29028 | Swamp:3  | Found an opulent altar of Gozag.
 29202 | Swamp:4  | Entered Level 4 of the Swamp
 29228 | Swamp:3  | Reached XP level 17. HP: 113/113 MP: 24/24
 29361 | Swamp:4  | Reached skill level 10 in Invocations
 29577 | Swamp:4  | Got a decaying rune of Zot
 29697 | Snake:1  | Entered Level 1 of the Snake Pit
 29787 | Snake:1  | Noticed Aizul
 29811 | Snake:1  | Killed Aizul
 29811 | Snake:1  | Reached skill level 15 in Armour
 29883 | Snake:1  | Found a frozen archway.
 29911 | IceCv    | Entered an ice cave
 30178 | IceCv    | Noticed an Ice Fiend
 30195 | IceCv    | Killed an Ice Fiend
 30514 | Snake:1  | Reached skill level 16 in Fighting
 30842 | Snake:1  | Noticed seren's ghost (journeyman DrTm)
 30855 | Snake:1  | Killed seren's ghost
 31776 | Snake:2  | Found Deheivocwo's Magic Scroll Shoppe.
 31795 | Snake:2  | Noticed Roxanne
 31801 | Snake:2  | Reached XP level 18. HP: 118/121 MP: 23/26
 31804 | Snake:2  | Bought a scroll of identify for 40 gold pieces
 31804 | Snake:2  | Bought a scroll of identify for 40 gold pieces
 31804 | Snake:2  | Bought a scroll of identify for 40 gold pieces
 31804 | Snake:2  | Bought a scroll of identify for 40 gold pieces
 31804 | Snake:2  | Bought a scroll of identify for 40 gold pieces
 31804 | Snake:2  | Bought a scroll of identify for 40 gold pieces
 31804 | Snake:2  | Bought a scroll of blinking for 150 gold pieces
 31804 | Snake:2  | Bought a scroll of identify for 40 gold pieces
 31991 | Snake:2  | Noticed Asterion
 32009 | Snake:2  | Killed Asterion
 32808 | Snake:2  | Killed Roxanne
 32810 | Snake:2  | Identified Roxanne's Grimoire of Clay (You took it off Roxanne on level 2 of the Snake Pit)
 33317 | Snake:3  | Reached skill level 17 in Fighting
 33445 | Snake:3  | Found a deep blue altar of Sif Muna.
 33521 | Snake:3  | Noticed Gagarin's ghost (adept MiBe)
 33588 | Snake:3  | Killed Gagarin's ghost
 34045 | Snake:4  | Entered Level 4 of the Snake Pit
 34045 | Snake:4  | Found a blossoming altar of Fedhas.
 34293 | Snake:4  | Noticed Agnes
 34306 | Snake:4  | Killed Agnes
 34619 | Snake:4  | Reached XP level 19. HP: 120/128 MP: 29/29
 34898 | Snake:4  | Reached skill level 18 in Fighting
 35006 | Snake:4  | Got a serpentine rune of Zot
 35444 | Depths:1 | Entered Level 1 of the Depths
 35964 | Depths:1 | Found Dekkex's Food Shoppe.
 36067 | Depths:1 | Reached skill level 15 in Invocations
 36311 | Depths:1 | Reached XP level 20. HP: 137/137 MP: 31/31
 36347 | Depths:1 | Identified the Catalogue of Transformation
 36537 | Depths:1 | Found a gateway to Hell.
 36696 | Depths:2 | Found a snail-covered altar of Cheibriados.
 36908 | Depths:2 | Noticed Jano's ghost (adept DsNe)
 37524 | Depths:2 | Killed Jano's ghost
 37524 | Depths:2 | Reached skill level 19 in Fighting
 37620 | Depths:2 | Noticed a greater mummy
 37658 | Depths:2 | Killed a greater mummy
 37661 | Depths:2 | Killed from afar by a fire giant

Vault maps used:
D:1:      dpeg_chamrin_arrival_tetris, minmay_pentomino_p2
D:2:      first_bread
D:3:      gup_sewer_entry_spiral, uniq_robin, uniq_terence
D:4:      serial_shops, shop_statue, uniq_blork_the_orc
D:5:      basic_altar, st_stairs_14
D:6:      old_standard_altar
D:7:      grunt_temple_overflow_open, uniq_pikel, uniq_joseph,
          uniq_prince_ribbit1
D:8:      old_standard_altar, grunt_ogre_cave, solitary_fountain, sigmund_army
D:9:      lemuel_doored_altar, lair_0_dummy, basic_altar
D:10:     orc_david_3
D:12:     enter_trove_2, kennysheep_cross_room
D:14:     erik_vaults_2, zin_angel
D:15:     grunt_enter_depths_magical_seal, minmay_misc_feat_cross, uniq_sonja,
          uniq_josephine
Temple:   nicolae_temple_no_exploring_needed
Lair:3:   uniq_nergalle
Lair:4:   swamp_mist, guppyfry_snake_entry_garden, special_room,
          infiniplex_staircase_pool, lemuel_fruit_fields
Lair:5:   boulder_dual_corridor_run, slime_altar_2
Lair:6:   hangedman_lair_in_review, st_stairs_5
Swamp:1:  hangedman_swamp_cone
Swamp:2:  evilmike_swamp_ruin_house_2, swamp_pool1, st_swamp_ruins_2
Swamp:3:  nicolae_swamp_godswood
Swamp:4:  swamp_alternative
Snake:1:  portal_ice_cave_entry_frozen_things, uniq_aizul
Snake:2:  serial_shops, shop_statue, library_closet, guppyfry_snake_island,
          lemuel_fruit_tree, uniq_asterion, uniq_roxanne
Snake:3:  basic_altar
Snake:4:  snake_pit, basic_altar, serial_bayou_pond_c, uniq_agnes
Orc:1:    uniq_harold
Orc:2:    st_orc_mages, uniq_snorg, uniq_donald, uniq_saint_roka
Depths:1: serial_shops, shop, nicolae_benzene_ring, hell_entry,
          minmay_crystal_water, hangedman_research_metamorphosis
Depths:2: lemuel_minitomb, minmay_misc_feat_room, grunt_pan_entry_in_and_out,
          hell_entry, st_stairs_11, cheibriados_altar_1,
          infiniplex_staircase_pool_lava
IceCv:    ice_cave_tombish

Skill      XL: |  1  2  3  4  5  6  7  8  9 10 11 12 13 14 15 16 17 18 19 20 |
---------------+-------------------------------------------------------------+-----
Maces & Flails | 3 4 5 6 7 8 9 10 11 13 14 16 | 16.1
Fighting       | 5 6 8 10 11 12 13 15 16 17 18 19 | 19.0
Armour         | 5 6 8 10 12 14 15 17 18 | 18.6
Invocations    | 5 6 9 11 13 15 | 15.5
Shields        | 6 10 12 13 15 | 15.1
Throwing       | 3 |  3.0

Action                   |  1- 3 |  4- 6 |  7- 9 | 10-12 | 13-15 | 16-18 | 19-21 || total
-------------------------+-------+-------+-------+-------+-------+-------+-------++-------
Melee: Flail             |    16 |   189 |   443 |       |       |       |       ||   648
       Whip              |   151 |    29 |    83 |   569 |       |       |       ||   832
       Eveningstar       |       |       |       |   651 |   726 |       |       ||  1377
       Morningstar       |       |       |       |       |   992 |  1810 |  1020 ||  3822
Throw: Stone             |       |     1 |       |       |       |       |       ||     1
       Tomahawk          |       |       |     2 |       |       |       |       ||     2
Invok: Lesser Servant of |       |       |       |     3 |     6 |     2 |       ||    11
       Major Destruction |       |       |       |       |       |     6 |     5 ||    11
       Greater Servant o |       |       |       |       |       |       |     1 ||     1
 Abil: Fly               |       |       |       |       |     1 |       |       ||     1
Evoke: Wand              |       |       |     3 |       |     4 |     1 |       ||     8
  Use: Scroll            |     1 |     4 |     7 |     4 |    16 |    17 |     3 ||    52
       Potion            |       |     3 |     2 |     3 |     7 |     9 |     2 ||    26
 Stab: Distracted        |       |       |       |     1 |     1 |       |     2 ||     4
       Confused          |       |       |       |       |       |     3 |       ||     3
  Eat: Chunk             |     3 |     5 |    13 |    22 |    40 |    19 |     8 ||   110
       Beef jerky        |       |       |     2 |     1 |       |       |     2 ||     5
       Pizza             |       |       |       |       |       |     2 |       ||     2
       Meat ration       |       |       |       |       |       |     1 |       ||     1
Armor: Scale mail        |    72 |    30 |       |       |       |       |       ||   102
       Chain mail        |       |    74 |   318 |   882 |   598 |    58 |       ||  1930
       Plate armour      |       |       |       |       |   182 |  1018 |   705 ||  1905
Dodge: Dodged            |    57 |    56 |   152 |   455 |   307 |   369 |   241 ||  1637
Block: Buckler           |    23 |    38 |    92 |   295 |    45 |       |       ||   493
       Shield            |       |       |       |       |   867 |  1124 |   650 ||  2641
       Reflection        |       |       |       |       |     2 |    95 |    19 ||   116
